 Dungeon Crawl Stone Soup version 0.31-a0-222-gefeffbb62a (webtiles) character file.

Game seed: 12204154311467647006

36 olmar the Magician (level 3, -5/19 HPs)
             Began as a Deep Elf Hedge Wizard on July 5, 2023.
             Slain by a cerulean imp
             ... wielding a +2 spear
             ... summoned by Natasha
              (7 damage)
             ... on level 3 of the Dungeon.
             The game lasted 00:02:30 (2038 turns).

olmar the Magician (Deep Elf Hedge Wizard)          Turns: 2038, Time: 00:02:30

Health: -5/19      AC:  2    Str:  5 (7)  XL:     3   Next: 19%
Magic:  9/12       EV: 12    Int: 19 (20) God:
Gold:   111        SH:  0    Dex: 11 (14) Spells: 7/13 levels left

rFire   + . .        g - staff of fire
rCold   . . .        (no shield)
rNeg    . . .        b - +0 robe
rPois   .            c - +0 hat
rElec   .            (no cloak)
rCorr   .            (no gloves)
SInv    .            (no boots)
Will    +....        (no amulet)
Stlth   ++           (no ring)
HPRegen 0.23/turn    (no ring)
MPRegen 0.13/turn

%: no passive effects
@: enlightened, flying
A: screaming 1
a: no special abilities


You were on level 3 of the Dungeon.
You visited 1 branch of the dungeon, and saw 3 of its levels.

You collected 111 gold pieces.

Inventory:

Hand Weapons
 a - a +0 dagger
 e - a +0 short sword
Armour
 b - a +0 robe (worn)
 c - a +0 hat (worn)
Magical Staves
 g - a staff of fire (weapon)
Scrolls
 k - a scroll of summoning {unknown}
 n - a scroll of noise {unknown}
 o - a scroll of identify {unknown}
 p - a scroll of teleportation {unknown}
Potions
 d - a potion of magic
 i - a potion of haste {unknown}
 j - a potion of degeneration
 l - a potion of lignification {unknown}
 m - a potion of brilliance {unknown}


   Skills:
 + Level 2.4 Dodging
 + Level 2.4 Stealth
 + Level 5.9 Spellcasting
 + Level 1.3 Conjurations
 + Level 1.1 Summonings
 + Level 1.1 Translocations


You had 7 spell levels left.
You knew the following spells:

 Your Spells              Type           Power      Damage    Failure   Level
a - Magic Dart            Conj           40%        1d5       7%          1
b - Slow                  Hex            20%        N/A       12%         1
c - Blink                 Tloc           18%        N/A       11%         2
d - Call Imp              Summ           20%        N/A       11%         2

Your spell library contained the following spells:

 Spells                   Type           Power      Damage    Failure   Level
 Cigotuvi's Dreadful Rot  Necr/Pois/Air  10%        N/A       17%         2
 Mephitic Cloud           Conj/Pois/Air  7%         N/A       28%         3


Dungeon Overview and Level Annotations

Branches:
Dungeon (3/15)

Altars:

Annotations:
D:3 Natasha


Innate Abilities, Weirdness & Mutations

You occasionally shout uncontrollably at your foes.


Message History

You swap places.
Natasha claws you!
Your cerulean imp closely misses Natasha.
Unknown command.
You hit Natasha.
Natasha is moderately wounded.
Natasha mumbles some strange words.
Your cerulean imp closely misses Natasha.
Natasha barely misses you.
Unknown command.
You closely miss Natasha.
Natasha is moderately wounded.
Your cerulean imp hits Natasha but does no damage.
The cerulean imp hits you from afar with a +2 spear.
* * * LOW HITPOINT WARNING * * *
Natasha mumbles some strange words.
You feel disoriented. Natasha closely misses you.
Okay, then.
You swap places.
Your cerulean imp closely misses Natasha.
Natasha barely misses your cerulean imp.
It was a potion of degeneration.
There was something very wrong with that liquid.
You feel weakened.
You feel dopey.
You feel clumsy. The cerulean imp barely misses you.
Your cerulean imp misses Natasha.
Natasha claws your cerulean imp.
Unknown command.
It was a potion of mutation.
You feel extremely strange.
You feel the urge to shout.
The cerulean imp hits you from afar with a +2 spear.
* * * LOW HITPOINT WARNING * * *
Your cerulean imp hits Natasha with a -3 spear.
Natasha claws your cerulean imp.
Unknown command.
Okay, then.
It was a potion of enlightenment.
You feel very buoyant.
You fly up into the air.
The cerulean imp hits you from afar with a +2 spear!
You die...

..# #########..#
##.......#..#
.........)..#
........#
#####+#.....####
............#
............#
......<.##'##


You could see Natasha (ally target), a cerulean imp (summoned) and a friendly
cerulean imp (summoned).

Vanquished Creatures
  4 endoplasms
  A giant cockroach (D:1)
  6 goblins
  3 quokkas
  A ball python (D:1)
  4 bats
  3 frilled lizards
  6 kobolds
  4 rats
32 creatures vanquished.

Vanquished Creatures (collateral kills)
  A worm (D:2)
1 creature vanquished.

Grand Total: 33 creatures vanquished

Notes
Turn   | Place    | Note
-------+----------+-------------------------------------------
     0 | D:1      | olmar the Deep Elf Hedge Wizard began the quest for the
                  | Orb.
     0 | D:1      | Reached XP level 1. HP: 10/10 MP: 7/7
   153 | D:1      | Reached skill level 5 in Spellcasting
   203 | D:1      | Learned a level 1 spell: Slow
   274 | D:1      | Reached XP level 2. HP: 15/15 MP: 8/10
   314 | D:1      | You fall into a shaft and drop 1 floor!
  1168 | D:1      | Learned a level 2 spell: Blink
  1171 | D:1      | Learned a level 2 spell: Call Imp
  1489 | D:2      | Reached XP level 3. HP: 19/19 MP: 6/12
  2028 | D:3      | Noticed Natasha
  2037 | D:3      | Gained mutation: You occasionally shout uncontrollably at
                  | your foes. [potion of mutation]
  2038 | D:3      | Slain by a cerulean imp

Illustrated notes

Levels and vault maps discovered:
D:1:      mrwooster_arrival_statue, layout_loops_corners
D:2:      layout_rooms, serial_forest, infiniplex_forest_straight_2,
          infiniplex_forest_straight_2, infiniplex_forest_end_2,
          infiniplex_forest_straight_2, infiniplex_forest_clump_medium,
          infiniplex_forest_straight_1, infiniplex_forest_straight_5
D:3:      layout_basic, uniq_natasha

Skill      XL: |  1 |
---------------+----+-----
Spellcasting   | 5 |  5.9
Dodging        | |  2.4
Stealth        | |  2.4
Conjurations   | |  1.3
Summonings     | |  1.1
Translocations | |  1.1

Action                     || total
---------------------------++-------
  Melee: Staff             ||    10
   Cast: Magic Dart        ||    76
         Call Imp          ||     3
         Slow              ||     1
    Use: Potion            ||     3
 Armour: Robe              ||     4
  Dodge: Dodged            ||    12

Table legend: (Time is in decaauts)
 A = Elapsed time spent in this place.
 B = Non-inter-level travel time spent in this place.
 C = Inter-level travel time spent in this place.
 D = Time resting spent in this place.
 E = Time spent auto-exploring this place.
 F = Levels seen in this place.
 G = Mean time per level.
                   A        B        C        D        E       F      G
               +--------+--------+--------+--------+--------+-----+--------+
         Total |   2038 |   2003 |     35 |    202 |   1577 |   3 |  679.3 |
       Dungeon |   2038 |   2003 |     35 |    202 |   1577 |   3 |  679.3 |
               +--------+--------+--------+--------+--------+-----+--------+

Top non-repeatable levels by time:
     D:1: 1243 daAuts
     D:2: 743 daAuts
     D:3: 52 daAuts
